 Dungeon Crawl Stone Soup version 0.21.1-1-g345015f (webtiles) character file.

432 Mirai the Thaumaturge (level 6, -3/32 HPs)
             Began as a Deep Elf Conjurer on Apr 5, 2018.
             Slain by a gnoll
             ... wielding a +0 flail
              (12 damage)
             ... on level 4 of the Dungeon.
             The game lasted 00:07:41 (3114 turns).

Mirai the Thaumaturge (Deep Elf Conjurer)           Turns: 3114, Time: 00:07:42

Health: -3/32      AC:  5    Str:  5    XL:     6   Next: 67%
Magic:  0/20       EV:  7    Int: 25    God:
Gold:   239        SH:  0    Dex: 15    Spells: 21/24 levels left

rFire    . . .     SeeInvis .   y - +1 hand axe (chop)
rCold    + . .     Gourm    .   (no shield)
rNeg     . . .     Faith    .   a - +0 robe
rPois    .         Spirit   .   p - +0 helmet
rElec    .         Reflect  +   (no cloak)
rCorr    .         Harm     .   r - +1 pair of gloves
MR       .....                  (no boots)
Stlth    ++........             k - +4 amulet of reflection
HPRegen  0.10/turn              w - +3 ring of intelligence
MPRegen  0.17/turn              g - ring of protection from cold

@: held
A: no striking features
a: no special abilities


You were on level 4 of the Dungeon.
You were not hungry.

You visited 1 branch of the dungeon, and saw 4 of its levels.

You collected 239 gold pieces.

Inventory:

Hand Weapons
 y - a +1 hand axe of chopping (weapon)
Missiles
 d - 14 tomahawks (quivered)
Armour
 a - a +0 robe (worn)
 p - a +0 helmet (worn)
 r - a +1 pair of gloves (worn)
Magical Staves
 e - an uncursed staff of cold
Jewellery
 g - a ring of protection from cold (right hand)
 k - a +4 amulet of reflection (around neck)
 l - a +2 ring of strength
 u - an uncursed ring of resist corrosion
 w - a +3 ring of intelligence (left hand)
Scrolls
 i - a scroll of enchant armour
 j - a scroll of immolation
 m - a scroll of remove curse
 n - a scroll of fog {unknown}
 o - 3 scrolls of identify
 q - a scroll of noise {unknown}
 z - a scroll of random uselessness {unknown}
 A - a scroll of teleportation {unknown}
Potions
 f - a potion of flight
 h - a potion of lignification {unknown}
 s - a potion of agility {unknown}
 t - a potion of cancellation {unknown}
 v - a potion of curing
 x - a potion of resistance {unknown}
Books
 b - a book of Conjurations

   Spells                             Type                      Level
   a - Magic Dart                     Conjuration                  1
   b - Searing Ray                    Conjuration                  2
   c - Dazzling Spray                 Conjuration/Hexes            3
   d - Fulminant Prism                Conjuration/Hexes            4
   e - Force Lance                    Conjuration/Translocation    4
   f - Iskenderun's Mystic Blast      Conjuration                  4
Comestibles
 c - 5 rations
 B - 14 chunks of flesh


   Skills:
 - Level 2.4 Dodging
 - Level 2.4 Stealth
 + Level 9.6 Spellcasting
 - Level 4.3 Conjurations


You had 21 spell levels left.
You knew the following spells:

 Your Spells              Type           Power        Failure   Level  Hunger
a - Magic Dart            Conj           ####         1%          1    None
b - Searing Ray           Conj           ####..       1%          2    None


Dungeon Overview and Level Annotations

Branches:
Dungeon (4/15)
 Temple: D:4-7

Altars:
Hepliaklqana
Qazlal
Ru
The Shining One


Message History

The gnoll hits you with a flail!
Unknown command.
You aren't carrying any items that you can evoke.
Casting: Searing Ray
Confirm with . or Enter, or press ? or * to list all spells.
You don't have enough magic to cast that spell.
Unknown command.
You struggle against the net.
The gnoll hits you with a flail.
You struggle against the net.
The gnoll hits you with a flail.
You tear a large gash into the net.
The gnoll hits you with a flail!
* * * LOW HITPOINT WARNING * * *
Casting: Searing Ray
Confirm with . or Enter, or press ? or * to list all spells.
Aiming: Magic Dart
Press: ? - help, Shift-Dir - straight line, f/p - gnoll
Aim: a gnoll, wielding a flail (heavily wounded)
The magic dart hits the gnoll.
The gnoll is almost dead.
The gnoll hits you with a flail!
You die...

#.....#
####..#
#..#
#..######
#.......#
#.#####.#
#.# #.#
#.#####>#
#....)g@#
##.######
#.....#
#g....#
#.###.# #
..# ...
#.# #>#


You could see a gnoll.

Vanquished Creatures
  An ice beast (D:3)
  A howler monkey (D:3)
  An orc priest (D:4)
  Jessica (D:3)
  Terence (D:3)
  4 orc wizards (D:4)
  2 gnolls (D:4)
  2 adders (D:2)
  A shadow imp (D:3)
  An ooze (D:1)
  4 worms
  2 dart slugs (D:3)
  A leopard gecko (D:2)
  6 orcs
  5 bats
  A giant cockroach (D:1)
  6 goblins
  A hobgoblin (D:3)
  4 jackals (D:2)
  3 quokkas (D:2)
  4 frilled lizards
  4 kobolds
  6 rats
62 creatures vanquished.

Notes
Turn   | Place    | Note
-------+----------+-------------------------------------------
     0 | D:1      | Mirai the Deep Elf Conjurer began the quest for the Orb.
     0 | D:1      | Reached XP level 1. HP: 10/10 MP: 6/6
   229 | D:1      | Reached skill level 4 in Spellcasting
   229 | D:1      | Reached XP level 2. HP: 15/15 MP: 6/9
   233 | D:1      | Learned a level 2 spell: Searing Ray
   829 | D:2      | Found a stormy altar of Qazlal.
  1071 | D:2      | Reached XP level 3. HP: 19/19 MP: 9/11
  1095 | D:2      | Reached skill level 5 in Spellcasting
  1713 | D:3      | Noticed Terence
  1721 | D:3      | Killed Terence
  1721 | D:3      | Reached skill level 6 in Spellcasting
  1721 | D:3      | Reached XP level 4. HP: 18/24 MP: 3/14
  1747 | D:3      | Noticed an ice beast
  1839 | D:3      | Killed an ice beast
  1839 | D:3      | Reached skill level 7 in Spellcasting
  1839 | D:3      | Reached XP level 5. HP: 12/28 MP: 3/17
  2022 | D:3      | Found a hazy altar of Hepliaklqana.
  2236 | D:3      | Reached skill level 8 in Spellcasting
  2276 | D:3      | Found a glowing golden altar of the Shining One.
  2403 | D:3      | Noticed Jessica
  2416 | D:3      | Killed Jessica
  2416 | D:3      | Reached XP level 6. HP: 32/32 MP: 10/19
  2473 | D:3      | Found a sacrificial altar of Ru.
  2998 | D:4      | Reached skill level 9 in Spellcasting
  3114 | D:4      | Slain by a gnoll

Skill      XL: |  1  2  3  4  5  6 |
---------------+-------------------+-----
Spellcasting   | 4 6 7 8 9 |  9.6
Dodging        | |  2.4
Stealth        | |  2.4
Conjurations   | |  4.3

Action                   |  1- 3 |  4- 6 || total
-------------------------+-------+-------++-------
Melee: Short sword       |     7 |       ||     7
 Cast: Magic Dart        |    52 |    55 ||   107
       Searing Ray       |     8 |    13 ||    21
  Use: Potion            |       |     1 ||     1
       Scroll            |       |     6 ||     6
  Eat: Chunk             |     2 |     4 ||     6
Armor: Robe              |     2 |     6 ||     8
Dodge: Dodged            |    17 |     8 ||    25
Block: Other             |     4 |     4 ||     8
       Reflection        |       |     2 ||     2
